Map: 데이터-C

Players

NightMare

  • Race: Protoss Protoss
  • Spawn Location: 9:00

Kelazhur - Winner!

  • Race: Terran Terran
  • Spawn Location: 3:00

Event: DreamHack SC2 Masters 2022 Atlanta (Offline)

VOD

Have the link to the VOD?

Description

Time

  • Played on: Nov. 18, 2022, 11:02 a.m.
  • Length: 19:20

All games in this series

Show
View Real Time Build Order
Export as new Build Order

NightMare Protoss 

Build Orders: 1 Gate Expand, Blink Stalkers, Colossus Rush 

Get SALT Encoding   

  12  0:00  Probe  
  13  0:12  Probe  
  14  0:16  Pylon  
  14  0:24  Probe (Chrono Boost)  
  15  0:36  Probe (Chrono Boost)  
  15  0:38  Gateway  
  16  0:44  Probe (Chrono Boost)  
  16  0:45  Assimilator  
  17  0:51  Probe  
  18  1:03  Probe  
  19  1:15  Probe  
  20  1:25  Cybernetics Core  
  23  1:35  Nexus  
  20  1:42  Pylon  
  20  1:44  Probe  
  21  1:51  Assimilator  
  21  1:56  Probe  
  21  2:00  Adept (Chrono Boost)  
  22  2:05  Warp Gate  
  22  2:08  Probe  
  24  2:20  Probe  
  24  2:22  Stalker  
  27  2:32  Probe  
  27  2:33  Twilight Council  
  28  2:44  Probe  
  28  2:48  Probe  
  30  2:52  Stalker  
  30  2:56  Probe, Blink (Chrono Boost)  
  33  3:00  Probe  
  34  3:08  Probe  
  34  3:12  Probe  
  35  3:22  Probe (Chrono Boost)  
  35  3:24  Probe (Chrono Boost)  
  38  3:35  Gateway  
  38  3:36  Probe (Chrono Boost)  
  38  3:38  Gateway, Probe (Chrono Boost)  
  39  3:41  Probe (Chrono Boost)  
  39  3:44  Robotics Facility  
  39  3:45  Probe  
  41  3:48  Pylon  
  41  3:51  Probe  
  42  3:57  Probe  
  42  3:59  Stalker  
  45  4:05  Shield Battery, Probe  
  45  4:09  Probe  
  47  4:14  Gateway  
  43  4:21  Probe  
  43  4:22  Probe  
  44  4:30  Assimilator  
  44  4:31  Assimilator  
  44  4:34  Probe x2  
  47  4:46  Probe x2  
  47  4:51  Stalker x2  
  51  4:58  Probe x2  
  51  4:59  Pylon  
  52  5:00  Robotics Bay  
  52  5:06  Pylon  
  52  5:10  Probe x2  
  54  5:17  Observer  
  54  5:18  Gateway  
  54  5:23  Probe x2  
  54  5:35  Probe x2  
  56  5:43  Zealot x2  
  56  5:44  Stalker  
  56  5:47  Colossus (Chrono Boost)  
  56  5:49  Probe x2  
  63  5:54  Extended Thermal Lance (Chrono Boost)  
  69  6:04  Pylon  
  69  6:12  Nexus  
  69  6:23  Shield Battery  
  71  6:29  Sentry x2  
  71  6:31  Colossus (Chrono Boost)  
  78  6:36  Pylon  
  78  6:38  Shield Battery  
  78  6:43  Shield Battery  
  78  6:46  Probe  
  78  6:48  Probe  
  76  6:58  Probe  
  76  7:00  Zealot, Probe  
  76  7:01  Zealot x3  
  83  7:05  Pylon  
  85  7:11  Probe  
  86  7:21  Colossus (Chrono Boost)  
  86  7:23  Probe  
  95  7:33  Zealot x2  
  95  7:34  Zealot  
  95  7:35  Zealot  
  97  7:44  Twilight Council  
  88  7:52  Probe x3  
  89  8:04  Zealot  
  89  8:05  Zealot x3  
  97  8:11  Shield Battery  
  97  8:12  Observer  
  98  8:13  Probe x2  
  98  8:18  Charge (Chrono Boost)  
  100  8:24  Gateway  
  100  8:25  Gateway  
  100  8:27  Probe x2  
  102  8:29  Probe  
  102  8:33  Shield Battery  
  103  8:36  Observer  
  103  8:41  Observer  
  103  8:42  Probe x3  
  103  8:43  Stalker  
  103  8:46  Pylon  
  109  8:53  Pylon  
  109  8:56  Templar Archives  
  109  9:01  Assimilator  
  109  9:03  Assimilator  
  109  9:04  Probe x3  
  110  9:17  Zealot x4  
  110  9:21  Disruptor (Chrono Boost)  
  118  9:24  Gateway  
  118  9:25  Gateway  
  118  9:27  Stalker  
  118  9:28  Stalker  
  124  9:36  Cybernetics Core  
  124  9:38  Pylon  
  122  9:46  Zealot x3  
  122  9:51  Zealot  
  104  9:53  Zealot  
  104  9:59  Disruptor (Chrono Boost)  
  104  10:04  Probe  
  95  10:12  Stalker x3  
  95  10:13  Stalker x2  
  96  10:15  Probe x2 (Chrono Boost)  
  96  10:19  Probe (Chrono Boost)  
  98  10:27  Probe x2 (Chrono Boost)  
  100  10:32  High Templar x2  
  100  10:33  Probe (Chrono Boost)  
  100  10:34  Observer, Probe x2 (Chrono Boost)  
  107  10:41  Probe  
  107  10:42  Probe  
  109  10:43  Stalker x4  
  109  10:45  Disruptor (Chrono Boost)  
  109  10:47  Probe  
  121  10:52  Pylon  
  121  11:01  Forge  
  121  11:02  Forge  
  121  11:08  Disruptor (Chrono Boost)  
  120  11:22  Stalker x4  
  126  11:36  Protoss Ground Weapons Level 1 (Chrono Boost), Protoss Ground Armor Level 1 (Chrono Boost)  
  110  11:40  Disruptor, Observer  
  110  11:45  Nexus  
  113  11:47  Pylon  
  111  11:55  Zealot x7  
  125  12:07  Pylon x2  
  125  12:09  Shield Battery  
  125  12:10  Shield Battery  
  125  12:14  Probe x2  
  125  12:15  Probe  
  128  12:25  Stalker x5  
  128  12:29  Stalker  
  138  12:31  High Templar  
  122  12:50  High Templar x3  
  126  12:56  Archon  
  126  12:57  Archon, High Templar x3  
  129  13:02  Disruptor (Chrono Boost)  
  129  13:05  Gateway, Probe x4  
  136  13:06  Robotics Facility, Assimilator x2  
  136  13:09  High Templar  
  136  13:10  Archon  
  138  13:16  Pylon  
  138  13:17  Archon  
  138  13:25  Protoss Ground Armor Level 2 (Chrono Boost), Protoss Ground Weapons Level 2 (Chrono Boost)  
  138  13:26  Stalker  
  138  13:27  Stalker x2  
  143  13:39  Stalker x2  
  143  13:40  Stalker  
  148  13:52  Stalker x4  
  148  13:53  Probe x3  
  154  14:10  Zealot x4  
  154  14:11  Colossus  
  154  14:13  Colossus  
  158  14:24  Zealot x3, Stalker  
  158  14:29  Probe x2  
  158  14:30  Probe  
  153  14:37  Stalker x2  
  153  14:38  Stalker x2  
  157  14:42  Probe x3  
  160  14:51  Stalker x4  
  165  14:54  Assimilator  
  165  14:58  Pylon  
  165  14:59  Pylon  
  165  15:01  Dark Shrine  
  165  15:04  Sentry  
  165  15:05  Zealot x2  
  170  15:20  Disruptor x2 (Chrono Boost), Zealot x5  
  182  15:41  Protoss Ground Armor Level 3 (Chrono Boost), Protoss Ground Weapons Level 3 (Chrono Boost)  
  180  15:45  Stalker x4  
  172  16:07  Assimilator, Pylon  
  172  16:09  Photon Cannon  
  172  16:11  Photon Cannon  
  172  16:14  Shadow Stride  
  172  16:15  Dark Templar x3, Stargate  
  172  16:16  Stargate  
  172  16:18  Stargate  
  177  16:21  Pylon  
  177  16:22  Zealot x4  
  179  16:32  Gravitic Boosters, Observer x2  
  181  16:42  Nexus  
  181  16:43  Pylon  
  179  16:54  Zealot x5  
  144  17:10  Stalker x3  
  144  17:14  Stalker x3  
  150  17:15  Stalker  
  125  17:53  Observer  
  125  17:58  Assimilator  
  125  18:02  Assimilator  
  123  18:09  Dark Templar  
  123  18:11  Stalker x7  
  123  18:12  Observer  
  139  18:21  Disruptor x2 (Chrono Boost)  
  124  18:40  Stalker x4  
  127  18:41  Stalker x2  
  127  18:46  Archon  
  127  18:48  Stalker  
  117  18:50  Stalker  
  95  19:04  Stalker x3  
  95  19:08  Stalker  
Show
View Real Time Build Order
Export as new Build Order

Kelazhur Terran - Winner!

Build Orders:  

Get SALT Encoding   

  12  0:00  SCV  
  13  0:12  SCV  
  14  0:17  Supply Depot  
  14  0:24  SCV  
  15  0:38  SCV  
  15  0:39  Barracks  
  16  0:43  Refinery  
  16  0:50  SCV  
  16  0:52  Refinery  
  17  1:02  SCV  
  18  1:14  SCV  
  19  1:23  Supply Depot  
  19  1:27  Reaper, Orbital Command  
  20  1:43  Factory  
  20  1:52  SCV  
  21  1:59  Barracks Reactor  
  21  2:05  SCV  
  22  2:17  Command Center  
  22  2:19  SCV  
  23  2:32  Starport  
  23  2:33  SCV  
  26  2:38  Supply Depot, Widow Mine  
  26  2:44  Marine x2  
  26  2:47  SCV  
  29  2:59  SCV  
  29  3:03  Marine x2  
  29  3:05  Widow Mine  
  34  3:10  Medivac  
  34  3:11  SCV  
  36  3:21  Marine x2  
  36  3:23  SCV  
  36  3:26  Factory Tech Lab  
  39  3:36  SCV  
  39  3:40  Marine x2  
  39  3:41  Barracks  
  42  3:48  SCV  
  43  3:49  Orbital Command  
  43  3:50  Raven  
  43  3:55  Factory Tech Lab  
  45  3:59  Marine x2  
  45  4:00  SCV  
  48  4:12  SCV  
  48  4:17  SCV, Marine x2  
  50  4:20  Siege Tank  
  50  4:22  Supply Depot  
  53  4:24  SCV  
  53  4:28  Barracks Tech Lab  
  54  4:33  Supply Depot  
  54  4:36  Barracks  
  54  4:38  Marine  
  54  4:45  SCV  
  54  4:49  SCV  
  54  4:52  Stimpack, Marine  
  56  4:56  Marine  
  56  4:57  SCV  
  56  4:58  Supply Depot  
  56  4:59  Refinery  
  58  5:00  Marine  
  58  5:02  SCV  
  58  5:06  Supply Depot, Refinery  
  60  5:09  SCV  
  60  5:11  Marauder  
  60  5:14  SCV  
  64  5:15  Siege Tank  
  68  5:21  SCV  
  68  5:26  SCV  
  68  5:28  Marine x2  
  71  5:31  Starport Reactor  
  71  5:33  SCV  
  74  5:35  Marauder  
  74  5:38  SCV  
  74  5:39  Combat Shield  
  74  5:41  Marauder  
  77  5:45  SCV  
  77  5:47  Marine  
  79  5:50  SCV  
  79  5:52  Marine  
  79  5:56  Supply Depot  
  81  5:57  SCV  
  81  5:58  Engineering Bay  
  81  6:02  SCV, Marauder  
  85  6:08  Marine  
  86  6:18  SCV x2, Medivac x2, Marauder  
  94  6:19  Supply Depot  
  94  6:24  Marine  
  94  6:31  Supply Depot  
  94  6:33  Terran Infantry Weapons Level 1  
  94  6:34  Factory Reactor  
  94  6:35  Concussive Shells  
  94  6:40  SCV x2, Marine  
  94  6:41  Marauder x2  
  94  6:45  Marine  
  101  6:53  Medivac x2  
  104  7:03  Marauder x2, Marine  
  109  7:09  Marine  
  109  7:13  Supply Depot, Command Center  
  110  7:17  Widow Mine x2  
  110  7:21  SCV x2  
  116  7:23  Marine  
  117  7:34  Medivac x2  
  121  7:43  Marauder  
  123  7:44  Widow Mine  
  123  7:46  Widow Mine  
  123  7:51  Marauder, Marine x2  
  121  7:56  SCV  
  121  7:57  SCV, Barracks  
  121  8:00  Barracks  
  121  8:04  Medivac x2  
  125  8:09  SCV  
  126  8:13  Supply Depot  
  126  8:18  Widow Mine  
  126  8:25  Widow Mine, Marauder x2, Marine x2  
  134  8:28  SCV x2  
  134  8:30  Terran Infantry Armor Level 1  
  136  8:37  Viking x2  
  140  8:42  SCV  
  140  8:44  SCV  
  140  8:47  Supply Depot, Marauder  
  144  8:51  Orbital Command  
  144  8:52  Marine  
  144  8:54  SCV  
  146  8:56  SCV  
  146  8:57  Marauder, Factory Reactor  
  149  9:06  Supply Depot  
  149  9:08  Marauder, Marine  
  152  9:11  Marauder  
  150  9:17  Marine x2  
  150  9:18  Marauder  
  150  9:20  Marine  
  155  9:25  Marine  
  155  9:29  Marauder  
  158  9:32  Marine  
  158  9:34  Armory  
  158  9:35  Engineering Bay, Marine x2  
  158  9:36  SCV, Refinery  
  162  9:40  Marauder  
  164  9:49  Widow Mine x2  
  164  9:50  Marauder  
  164  9:51  Marauder  
  150  9:52  Marine  
  150  9:55  Marine  
  141  10:01  SCV, Marauder  
  141  10:06  Marine  
  136  10:08  SCV  
  136  10:09  Marine  
  136  10:11  Marauder  
  136  10:12  SCV, Marauder  
  142  10:19  Marine x2  
  144  10:23  Marauder  
  144  10:24  SCV  
  144  10:25  SCV  
  144  10:26  SCV  
  149  10:31  Widow Mine x2  
  149  10:33  Marauder  
  149  10:34  Marauder  
  157  10:35  Terran Infantry Weapons Level 2  
  157  10:37  SCV x2  
  157  10:41  SCV  
  160  10:45  Marine x3  
  160  10:46  Marauder  
  160  10:49  SCV x2  
  167  10:51  Supply Depot  
  167  10:53  Terran Infantry Armor Level 2  
  167  10:57  Missile Turret  
  167  10:59  SCV  
  167  11:01  SCV x2  
  167  11:02  Marauder, Marine  
  173  11:13  Marauder  
  174  11:18  Marauder  
  174  11:19  SCV  
  174  11:20  SCV  
  174  11:24  Marauder  
  178  11:29  Command Center  
  170  11:34  Marauder  
  170  11:35  Marine  
  166  11:40  Marauder, Marine x2  
  166  11:41  Viking  
  166  11:42  Viking  
  166  11:45  Ghost Academy, SCV, Marauder  
  166  11:46  SCV, Refinery  
  172  11:55  Marine x2  
  172  11:56  SCV  
  172  11:58  SCV x2  
  177  12:05  Supply Depot  
  177  12:12  Missile Turret, Marauder x2  
  177  12:14  Supply Depot  
  181  12:27  SCV x2, Marauder, Marine x2  
  187  12:30  Marine x2  
  187  12:31  Enhanced Shockwaves  
  187  12:35  Ghost x2  
  192  12:43  Medivac x2  
  190  12:45  Marine  
  190  12:46  Marine  
  190  12:48  Ghost  
  194  12:55  Marine x2  
  194  12:57  Widow Mine x2  
  193  13:02  Planetary Fortress  
  193  13:04  Ghost  
  195  13:06  SCV x3  
  195  13:10  Terran Infantry Weapons Level 3  
  198  13:13  Medivac  
  200  13:25  Barracks x2  
  200  13:29  Barracks  
  200  13:31  Missile Turret  
  200  13:49  Fusion Core  
  200  13:50  Starport  
  200  13:51  Command Center  
  200  13:53  Marine x2, Ghost x3  
  200  13:54  Marine  
  192  14:08  Marine  
  189  14:11  Marine x3  
  189  14:14  Liberator x2, Widow Mine  
  198  14:22  Marauder x2  
  198  14:24  Barracks Reactor, Barracks Tech Lab x2  
  192  14:35  Ghost  
  192  14:37  Widow Mine x2  
  196  14:42  Ghost  
  196  14:46  Marauder x2  
  196  14:51  Liberator, Marauder, Marine x2  
  196  14:52  Advanced Ballistics  
  198  14:53  Terran Infantry Armor Level 3  
  198  14:54  Terran Ship Weapons Level 1  
  198  14:56  Refinery  
  198  15:03  Refinery  
  200  15:21  Liberator x2  
  193  15:26  Missile Turret  
  193  15:28  Missile Turret  
  199  15:30  Missile Turret  
  199  15:35  Missile Turret  
  199  15:40  Liberator  
  196  15:44  Ghost x2  
  192  15:54  Hi-Sec Auto Tracking  
  191  16:01  Marine  
  191  16:02  Marauder x2, Marine x3  
  191  16:04  Liberator, Widow Mine x2, Planetary Fortress  
  195  16:11  Marauder  
  196  16:27  Viking x2  
  200  16:41  Command Center  
  200  16:42  Refinery, Command Center  
  200  16:48  Terran Ship Weapons Level 2  
  200  16:49  Marine  
  200  16:54  Missile Turret  
  190  17:06  Marauder  
  184  17:09  Marauder x2, Marine  
  184  17:12  Marine  
  184  17:13  Marauder x2, Marine x4  
  198  17:22  Liberator x2  
  194  17:26  Marine  
  194  17:27  Marine  
  193  17:30  Marine x2  
  193  17:34  Marauder x2  
  196  17:38  Marine  
  196  17:39  Widow Mine  
  199  17:48  Marauder x2  
  199  17:50  Liberator  
  200  18:05  Marauder  
  194  18:06  Liberator x2  
  194  18:12  Orbital Command  
  200  18:14  Command Center  
  200  18:15  Command Center  
  191  18:33  Liberator  
  188  18:46  Marauder x2, Marine  
  188  18:47  Marine  
  188  18:48  Widow Mine x2  
  191  18:51  Marine  
  191  18:52  Marauder  
  194  18:57  Marauder  
  198  19:18  Refinery  
Tags
 
Add a new tag
Caveats
  • Supply blocks, unpowered buildings, or Contaminate may cause inaccurate times.
  • Supply counts are checked every 10 seconds.